 Dungeon Sprint DCSS version 0.21.2 (webtiles) character file.

178 Fang the Skirmisher (level 5, 0/38 HPs)
             Began as a Gargoyle Berserker on Dec 21, 2018.
             Was a High Priest of Trog.
             Slain by a fire bat (7 damage)
             ... in the Dungeon (Sprint VII: "The Pits").
             The game lasted 00:01:45 (467 turns).

Fang the Skirmisher (Gargoyle Berserker)             Turns: 467, Time: 00:01:46

Health: 0/38       AC: 16    Str: 21    XL:     5   Next: 58%
Magic:  5/5        EV:  9    Int:  8    God:    Trog [*****.]
Gold:   0          SH:  0    Dex:  9    Spells: 4/4 levels left

rFire    . . .     SeeInvis .   j - +2 hand axe (drain)
rCold    . . .     Gourm    .   (no shield)
rNeg     + . .     Faith    .   n - +3 chain mail
rPois    ∞         Spirit   .   (no helmet)
rElec    +         Reflect  .   (no cloak)
rCorr    .         Harm     .   (no gloves)
MR       .....     NoTele   +   (no boots)
Stlth    ..........             (no amulet)
HPRegen  0.12/turn              (no ring)
MPRegen  0.09/turn              (no ring)

@: berserk cooldown, starving, slowed, very slow
A: negative energy resistance 1, electricity resistance, unbreathing,
petrification resistance, rot immunity, AC +4
a: Berserk, Trog's Hand, Brothers in Arms, Burn Spellbooks, Renounce Religion


You were in the Dungeon.
You worshipped Trog.
Trog was extremely pleased with you.
You were starving.

You visited 1 branch

Inventory:

Hand Weapons
 j - a +2 hand axe of draining (weapon)
 m - a +0 hand axe of chopping
Armour
 b - a +0 animal skin
 n - a +3 chain mail (worn)
Scrolls
 i - a scroll of blinking
 k - 3 scrolls of remove curse
 l - a scroll of summoning
Potions
 a - 2 potions of invisibility
 d - 6 potions of curing
 e - 6 potions of heal wounds
 f - a potion of haste
 g - 4 potions of magic
 h - 3 potions of berserk rage
Comestibles
 c - 9 rations


   Skills:
 + Level 7.4 Fighting
 + Level 7.1 Axes
 + Level 4.5 Armour
 + Level 3.6 Dodging
 + Level 0.5 Stealth


You had 4 spell levels left.
You didn't know any spells.

Dungeon Overview and Level Annotations

Branches:
Dungeon (1/1)

Altars:


Innate Abilities, Weirdness & Mutations

You are resistant to torment.
Your stone body is resilient. (AC +4)
You are immune to poison.
You resist negative energy. (rN+)
You are resistant to electric shocks. (rElec)
You can survive without breathing.
You are immune to petrification.
You are immune to rotting.


Message History

The fire bat bites you but does no damage.
The iron imp hits you!
* * * LOW HITPOINT WARNING * * *
Unknown command.
You hit the iron imp but do no damage.
The fire bat bites you but does no damage.
The iron imp hits you but does no damage.
You hit the iron imp.
The iron imp is lightly wounded.
You hit the fire bat but do no damage.
The fire bat bites you but does no damage.
The iron imp hits you.
* * * LOW HITPOINT WARNING * * *
Unknown command.
You slash the iron imp!
The iron imp is heavily wounded.
The fire bat bites you.
* * * LOW HITPOINT WARNING * * *
You are engulfed in flames!
You die...

#.#.....[)†##......
#.#........##......
#.#####'#####...<..
#.#...)))[.##......
#.#....))..##......
#'###########......
#.......# #######
#..###..# #.@b....#
##5###.## #.......#
#..###..# #... +
####


You could see a fire bat and an iron imp.

Vanquished Creatures
  A hungry ghost (D)
  A gnoll (D)
  2 river rats (D)
  A white imp (D)
  An ooze (D)
  2 leopard geckos (D)
  An orc (D)
  A giant cockroach (D)
  A goblin (D)
  4 jackals (D)
  A kobold (D)
16 creatures vanquished.

Notes
Turn   | Place    | Note
-------+----------+-------------------------------------------
     0 | D        | Fang the Gargoyle Berserker began the quest for the Orb.
     0 | D        | Reached XP level 1. HP: 14/14 MP: 1/1
    21 | D        | Reached ** piety under Trog
   185 | D        | Reached XP level 2. HP: 20/20 MP: 2/2
   196 | D        | Reached *** piety under Trog
   270 | D        | Reached skill level 5 in Fighting
   270 | D        | Reached XP level 3. HP: 17/26 MP: 3/3
   270 | D        | Reached **** piety under Trog
   434 | D        | Noticed a hungry ghost
   451 | D        | Noticed a fire bat
   452 | D        | Killed a hungry ghost
   452 | D        | Reached ***** piety under Trog
   452 | D        | Reached XP level 4. HP: 34/34 MP: 4/4
   452 | D        | Reached XP level 5. HP: 38/38 MP: 5/5
   467 | D        | Slain by a fire bat

Skill      XL: |  1  2  3 |
---------------+----------+-----
Axes           | 3 4 7 |  7.1
Fighting       | 4 5 7 |  7.4
Dodging        | 2 3 |  3.6
Armour         | 4 |  4.5
Stealth        | |  0.5

Action                   |  1- 3 |  4- 6 || total
-------------------------+-------+-------++-------
Melee: Hand axe          |    53 |    10 ||    63
Invok: Berserk           |     1 |       ||     1
Armor: Animal skin       |    18 |       ||    18
       Chain mail        |     9 |    15 ||    24
Dodge: Dodged            |    35 |     9 ||    44
